 Dungeon Crawl Stone Soup version 0.28.0-1-gb440e238dd (webtiles) character file.

Game seed: 17105123278446822417

7 Ablot the Grasshopper (level 2, 0/26 HPs)
             Began as a Gnoll Warper on Feb 24, 2022.
             Slain by an adder (3 damage)
             ... on level 2 of the Dungeon.
             The game lasted 00:00:21 (192 turns).

Ablot the Grasshopper (Gnoll Warper)                 Turns: 192, Time: 00:00:21

Health: 0/26       AC:  3    Str: 10    XL:     2   Next: 0%
Magic:  7/7        EV: 12    Int: 12    God:
Gold:   15         SH:  0    Dex: 11    Spells: 10/10 levels left

rFire   . . .      SeeInvis .   a - +0 spear
rCold   . . .      Faith    .   (no shield)
rNeg    . . .      Spirit   .   b - +0 leather armour
rPois   .          Reflect  .   (no helmet)
rElec   .          Harm     .   (no cloak)
rCorr   .          Rampage  .   (no gloves)
Will    .....                   (no boots)
Stlth   +.........              (no amulet)
HPRegen 0.08/turn               (no ring)
MPRegen 0.10/turn               (no ring)

@: no status effects
A: fangs 1, strong nose, distributed training
a: no special abilities


You were on level 2 of the Dungeon.
You visited 1 branch of the dungeon, and saw 2 of its levels.

You collected 15 gold pieces.

Inventory:

Hand Weapons
 a - a +0 spear (weapon)
Missiles
 d - 5 boomerangs of dispersal (quivered)
 e - 19 arrows
Armour
 b - a +0 leather armour (worn)
Scrolls
 c - a scroll of blinking
 f - a scroll of immolation {unknown}
 g - a scroll of holy word {unknown}


   Skills:
 + Level 4.4 Fighting
 + Level 0.2 Short Blades
 + Level 0.2 Long Blades
 + Level 0.2 Axes
 + Level 0.2 Maces & Flails
 + Level 4.4 Polearms
 + Level 0.2 Staves
 + Level 0.2 Slings
 + Level 0.2 Bows
 + Level 0.2 Crossbows
 + Level 2.4 Throwing
 + Level 2.4 Armour
 + Level 4.4 Dodging
 + Level 0.2 Stealth
 + Level 0.2 Shields
 + Level 0.2 Unarmed Combat
 + Level 4.9 Spellcasting
 + Level 0.1 Conjurations
 + Level 0.1 Hexes
 + Level 0.1 Summonings
 + Level 0.1 Necromancy
 + Level 5.3 Translocations
 + Level 0.1 Transmutations
 + Level 0.1 Fire Magic
 + Level 0.1 Ice Magic
 + Level 0.1 Air Magic
 + Level 0.1 Earth Magic
 + Level 0.1 Poison Magic
 + Level 0.3 Invocations
 + Level 0.2 Evocations


You had 10 spell levels left.
You didn't know any spells.
Your spell library contained the following spells:

 Spells                   Type           Power      Damage    Failure   Level
 Blink                    Tloc           30%        N/A       4%          2
 Gell's Gravitas          Tloc           15%        N/A       9%          3
 Lesser Beckoning         Tloc           15%        N/A       9%          3
 Teleport Other           Tloc           15%        N/A       9%          3
 Manifold Assault         Tloc           15%        N/A       63%         5


Dungeon Overview and Level Annotations

Branches:
Dungeon (1/15)

Altars:

Annotations:
D:2 Jessica


Innate Abilities, Weirdness & Mutations

You have very sharp teeth.
Your uncanny sense of smell can sniff out nearby items.
Your experience applies equally to all skills.


Message History

The ball python hisses angrily.
Found 7 gold pieces.
A ball python is nearby!
An endoplasm comes into view.
The endoplasm quivers.
Jessica and an adder come into view.
Jessica points at you and mumbles some strange words.
You resist with significant effort.
The adder moves out of view.
You hit the ball python.
You kill the ball python!
You hit the endoplasm.
The endoplasm is severely wounded.
The endoplasm freezes you.
You are frozen.
You barely miss the endoplasm.
The endoplasm is severely wounded.
The endoplasm hits you.
You barely miss the endoplasm.
The endoplasm is severely wounded.
Jessica says, "I'm really upset."
Jessica mumbles some strange words.
Jessica blinks!
The endoplasm freezes you.
You are frozen.
The adder bites you but does no damage.
You hit the endoplasm but do no damage.
You bite the endoplasm, but do no damage.
The endoplasm is severely wounded.
Jessica hits you with a +0 dagger.
* * * LOW HITPOINT WARNING * * *
The adder closely misses you. The endoplasm closely misses you.
You hit the endoplasm.
You kill the endoplasm!
The adder bites you but does no damage. Jessica hits you but does no damage.
You have reached level 2!
The adder bites you.
* * * LOW HITPOINT WARNING * * *
Jessica hits you with a +0 dagger.
* * * LOW HITPOINT WARNING * * *
The adder bites you.
You die...

..... # #.#.## #.
.... ###.#.##..###
...........
#.###.†.######
#....@.......#
#........###.#
#...@S.....#
#...###..........#
#... #....#...#.#
#..# ..........#
....#.......##..#
####.##..#.......#
# #$.#....# ##
#..#.#...


You could see an adder and Jessica.

Vanquished Creatures
  A ball python (D:2)
  An endoplasm (D:2)
  A hobgoblin (D:1)
  2 bats (D:1)
  A frilled lizard (D:1)
  A rat (D:1)
7 creatures vanquished.

Notes
Turn   | Place    | Note
-------+----------+-------------------------------------------
     0 | D:1      | Ablot the Gnoll Warper began the quest for the Orb.
     0 | D:1      | Reached XP level 1. HP: 20/20 MP: 6/6
     2 | D:1      | Noticed a troll
     2 | D:1      | Noticed a vampire
     4 | D:1      | Noticed a ghoul
     4 | D:1      | Noticed an elf
     6 | D:1      | Noticed a draconian
     9 | D:1      | Noticed a naga
    11 | D:1      | Noticed a felid
    13 | D:1      | Noticed a tengu
    13 | D:1      | Noticed a demigod
    15 | D:1      | Noticed an ogre
    15 | D:1      | Noticed a human
    17 | D:1      | Noticed a minotaur
    17 | D:1      | Noticed a vine stalker
    19 | D:1      | Noticed a gargoyle
    21 | D:1      | Noticed a formicid
    21 | D:1      | Noticed a merfolk
    23 | D:1      | Noticed a dwarf
    25 | D:1      | Noticed a demonspawn
    25 | D:1      | Noticed an octopode
    27 | D:1      | Noticed a spriggan
   180 | D:1      | You fall into a shaft and drop 1 floor!
   183 | D:2      | Noticed Jessica
   191 | D:2      | Reached XP level 2. HP: 5/26 MP: 7/7
   192 | D:2      | Slain by an adder

Illustrated notes

Levels and vault maps discovered:
D:1:      kb_arrival_jail, layout_loops_ring,
          shapermc_ecumenical_altar_mp_urbaneastern
D:2:      layout_basic, basic_altar, hangedman_decor_diamond_cutter,
          lightli_corner_chamber, uniq_jessica

Action                   || total
-------------------------++-------
Melee: Spear             ||    16
       Bite              ||     1
 Stab: Sleeping          ||     1
Armor: Leather armour    ||     5
Dodge: Dodged            ||     4
